 Dungeon Crawl Stone Soup version 0.29-a0-322-g68df515428 (webtiles) character file.

Game seed: 11009198672988078051

4363 Jortsu the Blocker (level 10, -8/82 HPs)
             Began as a Gnoll Fighter on Apr 9, 2022.
             Was an Elder of Makhleb.
             Mangled by a death knight
             ... wielding a +2 battleaxe
              (14 damage)
             ... on level 7 of the Dungeon.
             The game lasted 00:19:18 (8272 turns).

Jortsu the Blocker (Gnoll Fighter)                  Turns: 8272, Time: 00:19:18

Health: -8/82      AC: 32    Str: 19    XL:     10   Next: 34%
Magic:  17/17      EV:  7    Int:  7    God:    Makhleb [****..]
Gold:   434        SH:  6    Dex: 13    Spells: 19/19 levels left

rFire   . . .      SeeInvis .   a - +1 war axe (protect)
rCold   . . .      Faith    .   c - +0 buckler
rNeg    . . .      Spirit   .   x - +0 plate armour
rPois   .          Reflect  .   m - +0 helmet
rElec   .          Harm     .   (no cloak)
rCorr   .          Rampage  .   e - +1 pair of gloves
Will    .....                   (no boots)
Stlth   ..........              (no amulet)
HPRegen 0.23/turn               p - +4 ring of protection
MPRegen 0.15/turn               r - +4 ring of protection

@: under a protective aura
A: fangs 1, strong nose, distributed training
a: Renounce Religion, Minor Destruction, Lesser Servant of Makhleb, Major
Destruction


You were on level 7 of the Dungeon.
You worshipped Makhleb.
Makhleb was greatly pleased with you.
You visited 1 branch of the dungeon, and saw 7 of its levels.
You also visited: Ossuary.

You collected 434 gold pieces.

Inventory:

Hand Weapons
 a - a +1 war axe of protection (weapon)
Armour
 c - a +0 buckler (worn)
 e - a +1 pair of gloves (worn)
 m - a +0 helmet (worn)
 x - a +0 plate armour (worn)
Jewellery
 p - a +4 ring of protection (left hand)
 r - a +4 ring of protection (right hand)
Scrolls
 b - 2 scrolls of identify
 k - a scroll of blinking
 q - a scroll of fear
 t - 2 scrolls of amnesia
 v - 2 scrolls of enchant armour
 w - a scroll of fog
 y - a scroll of teleportation
Potions
 d - 3 potions of magic
 f - 4 potions of attraction
 g - 2 potions of resistance {unknown}
 h - 6 potions of curing
 i - 5 potions of flight {unknown}
 j - 2 potions of berserk rage
 l - 2 potions of mutation
 n - a potion of haste {unknown}
 o - 5 potions of brilliance {unknown}
 s - a potion of invisibility {unknown}
 u - a potion of heal wounds


   Skills:
 + Level 8.4 Fighting
 + Level 5.2 Short Blades
 + Level 5.2 Long Blades
 + Level 7.0 Axes
 + Level 5.2 Maces & Flails
 + Level 5.2 Polearms
 + Level 5.2 Staves
 + Level 5.2 Slings
 + Level 5.2 Bows
 + Level 5.2 Crossbows
 + Level 5.2 Throwing
 + Level 8.4 Armour
 + Level 5.2 Dodging
 + Level 5.2 Stealth
 + Level 8.4 Shields
 + Level 5.2 Unarmed Combat
 + Level 5.2 Spellcasting
 + Level 4.3 Conjurations
 + Level 4.3 Hexes
 + Level 4.3 Summonings
 + Level 4.3 Necromancy
 + Level 4.3 Translocations
 + Level 4.3 Transmutations
 + Level 4.3 Fire Magic
 + Level 4.3 Ice Magic
 + Level 4.3 Air Magic
 + Level 4.3 Earth Magic
 + Level 4.3 Poison Magic
 + Level 5.7 Invocations
 + Level 5.2 Evocations


You had 19 spell levels left.
You didn't know any spells.
Your spell library contained the following spells:

 Spells                   Type           Power      Damage    Failure   Level
 Apportation              Tloc           14%        N/A       78%         1
 Freeze                   Ice            28%        1d5       78%         1
 Frozen Ramparts          Ice            14%        1d3       98%         3
 Ozocubu's Armour         Ice            7%         N/A       98%         3
 Hailstorm                Conj/Ice       7%         3d4       100%        4
 Alistair's Intoxication  Tmut/Pois      4%         N/A       100%        5
 Ozocubu's Refrigeration  Ice            3%         4d5       100%        7


Dungeon Overview and Level Annotations

Branches:
Dungeon (7/15)             Temple (0/1) D:6         Ossuary (visited)

Altars:
Dithmenos
Elyvilon
Makhleb
Okawaru
Ru
Xom
Yredelemnul

Shops:
D:1 (   D:3 (   D:5 =

Annotations:
D:7 3 runed translucent doors, Shaidar's ghost, novice MiBe


Innate Abilities, Weirdness & Mutations

You have very sharp teeth.
Your uncanny sense of smell can sniff out nearby items.
Your experience applies equally to all skills.


Message History

The death knight is severely wounded.
The death knight hits you with a +2 battleaxe.
* * * LOW HITPOINT WARNING * * *
The death knight hits your neqoxec with a +2 battleaxe!
Your neqoxec barely misses the death knight.
The death knight splashes around in the water.
You hit the death knight.
Your weapon exudes an aura of protection.
The death knight is severely wounded.
Your neqoxec hits the death knight!
The death knight offers itself to Yredelemnul, and fills with unholy energy.
You hit the death knight. Your bite misses the death knight.
The death knight is almost dead.
The death knight reflects your damage back at you!
* * * LOW HITPOINT WARNING * * *
Your neqoxec gestures at the death knight.
The death knight twists and deforms.
The death knight hits your neqoxec with a +2 battleaxe.
Your neqoxec dies!
Your neqoxec disappears in a puff of smoke!
The death knight closely misses you.
You catch the helpless death knight completely off-guard!
You hit the death knight but do no damage.
The death knight is almost dead.
The death knight mumbles some strange prayers to Yredelemnul against you.
You resist with significant effort.
You closely miss the death knight.
The death knight is almost dead.
The death knight splashes around in the water.
You barely miss the death knight.
You bite the death knight, but do no damage.
The death knight is almost dead.
The death knight calls down the wrath of Yredelemnul upon you.
You resist with significant effort.
You closely miss the death knight.
The death knight is almost dead.
The death knight mumbles some strange prayers to Yredelemnul against you.
You resist with significant effort.
The death knight hits you with a +2 battleaxe!
You die...

#.###[####.#.♣♣♣..♣♣♣..♣♣♣.#.#
#..........#.♣ ♣..♣ ♣..♣ ♣.#.#
###..#####.#.♣♣♣..♣♣♣..♣♣♣.#.#
#..# #.#♣...♣♣...♣♣...♣#..
#..# #.########.########..
#..# #.#♣♣.♣♣♣...♣♣♣.♣♣#..
#..# #.#♣.≈.♣.≈≈≈.♣.≈.♣#..
#.## #.#.≈≈≈.#≈≈≈#.≈≈≈.#.. #.#
#.#♣@p.♣.≈≈≈.♣.≈.♣#..
#.######.#♣♣.♣♣♣)..♣♣♣.♣♣#.#
#........# ### ##.###### #.#
##.#####p.# ♣....♣♣ #.#
#.........# ♣..♣♣.♣♣ #.#
#..#####..# ∆♣...♣♣..♣ #..
#..# #..# ♣.♣♣♣♣.♣♣.♣#..
#..#####..# ♣♣♣...♣♣ ♣♣#..
#..##...>.#######...#######.#


You could see a death knight (reflects damage, misshapen).

Vanquished Creatures
  Pikel (D:4)
  An ugly thing (D:7)
  A kobold demonologist (D:7)
  A slime creature (D:7)
  Menkaure (D:7)
  2 water moccasins
  A sky beast (D:5)
  2 black bears (D:6)
  2 ice beasts
  A centaur (D:5)
  4 ogres
  A lemure (D:4)
  2 phantoms
  A kobold brigand (D:7)
  A bullfrog (D:7)
  4 scorpions
  5 wights
  A howler monkey (D:5)
  A centaur zombie (Ossuary)
  3 human zombies (Ossuary)
  A jelly (D:7)
  3 hounds
  A gnoll shaman (D:5)
  An orc priest (D:6)
  2 orc wizards (D:4)
  7 iguanas
  2 mummies (Ossuary)
  8 gnolls
  5 adders
  2 white imps (D:7)
  An ufetubus (D:5)
  2 worms
  4 dart slugs
  24 orcs
  10 bats
  10 endoplasms
  5 giant cockroaches
  10 goblins
  6 hobgoblins
  7 jackals
  6 kobolds
  6 quokkas
  7 ball pythons
  3 frilled lizards
  A gnoll zombie (Ossuary)
  2 goblin zombies (Ossuary)
  A hobgoblin zombie (Ossuary)
  6 rats
179 creatures vanquished.

Vanquished Creatures (collateral kills)
  A troll (D:7)
1 creature vanquished.

Vanquished Creatures (others)
  A goblin (D:3)
1 creature vanquished.

Grand Total: 181 creatures vanquished

Notes
Turn   | Place    | Note
-------+----------+-------------------------------------------
     0 | D:1      | Jortsu the Gnoll Fighter began the quest for the Orb.
     0 | D:1      | Reached XP level 1. HP: 23/23 MP: 1/1
    34 | D:1      | Found a faded altar of an unknown god.
    47 | D:1      | Prayed at the altar of an unknown god.
    47 | D:1      | Became a worshipper of Makhleb the Destroyer
    47 | D:1      | Reached * piety under Makhleb
   134 | D:1      | Reached XP level 2. HP: 24/29 MP: 2/2
   290 | D:1      | Found Lebig's Antique Weapon Shop.
   536 | D:1      | Reached XP level 3. HP: 35/35 MP: 3/3
   960 | D:2      | Reached ** piety under Makhleb
  1084 | D:2      | Reached skill level 1 in Invocations
  1366 | D:2      | Reached skill level 1 in Short Blades
  1366 | D:2      | Reached skill level 1 in Long Blades
  1366 | D:2      | Reached skill level 1 in Maces & Flails
  1366 | D:2      | Reached skill level 1 in Polearms
  1366 | D:2      | Reached skill level 1 in Staves
  1366 | D:2      | Reached skill level 1 in Slings
  1366 | D:2      | Reached skill level 1 in Bows
  1366 | D:2      | Reached skill level 1 in Crossbows
  1366 | D:2      | Reached skill level 1 in Throwing
  1366 | D:2      | Reached skill level 1 in Dodging
  1366 | D:2      | Reached skill level 1 in Stealth
  1366 | D:2      | Reached skill level 1 in Unarmed Combat
  1366 | D:2      | Reached skill level 1 in Spellcasting
  1366 | D:2      | Reached skill level 1 in Evocations
  1576 | D:3      | Reached XP level 4. HP: 38/41 MP: 5/5
  1818 | D:3      | Found Disch's Weapon Boutique.
  1822 | D:3      | Noticed an ogre
  1832 | D:3      | Killed an ogre
  1833 | D:3      | Reached skill level 1 in Conjurations
  1833 | D:3      | Reached skill level 1 in Hexes
  1833 | D:3      | Reached skill level 1 in Summonings
  1833 | D:3      | Reached skill level 1 in Necromancy
  1833 | D:3      | Reached skill level 1 in Translocations
  1833 | D:3      | Reached skill level 1 in Transmutations
  1833 | D:3      | Reached skill level 1 in Fire Magic
  1833 | D:3      | Reached skill level 1 in Ice Magic
  1833 | D:3      | Reached skill level 1 in Air Magic
  1833 | D:3      | Reached skill level 1 in Earth Magic
  1833 | D:3      | Reached skill level 1 in Poison Magic
  1833 | D:3      | Reached XP level 5. HP: 33/47 MP: 5/7
  2020 | D:3      | Found a white marble altar of Elyvilon.
  2375 | D:3      | Reached *** piety under Makhleb
  2407 | D:3      | Found a shadowy altar of Dithmenos.
  2438 | D:3      | Found a basalt altar of Yredelemnul.
  2438 | D:3      | Found a sacrificial altar of Ru.
  2818 | D:4      | Reached XP level 6. HP: 39/53 MP: 8/8
  2914 | D:4      | Reached skill level 5 in Axes
  3215 | D:4      | Reached XP level 7. HP: 16/59 MP: 10/10
  3819 | D:4      | Noticed Pikel
  3884 | D:4      | Killed Pikel
  3885 | D:4      | Reached XP level 8. HP: 21/67 MP: 10/12
  4661 | D:5      | Entered Level 5 of the Dungeon
  4679 | D:5      | Found Zopeic's Jewellery Shop.
  4943 | D:5      | Reached XP level 9. HP: 72/73 MP: 14/14
  5178 | D:5      | Reached **** piety under Makhleb
  5578 | D:6      | Found a shimmering altar of Xom.
  5578 | D:6      | Found a shimmering altar of Xom.
  5578 | D:6      | Found a shimmering altar of Xom.
  5641 | D:6      | HP: 3/73 [gnoll/+0 halberd (6)]
  5777 | D:6      | Found a sand-covered staircase.
  5784 | Ossuary  | Entered an ossuary
  6296 | D:6      | Found a staircase to the Ecumenical Temple.
  6867 | D:7      | Noticed Menkaure
  6881 | D:7      | Killed Menkaure
  6882 | D:7      | Reached skill level 5 in Invocations
  7424 | D:7      | Found a runed translucent gate.
  7424 | D:7      | Found a runed translucent gate.
  7424 | D:7      | Found a runed translucent gate.
  7426 | D:7      | Noticed Shaidar's ghost (novice MiBe)
  7476 | D:7      | Noticed a kobold demonologist
  7483 | D:7      | Noticed a red devil
  7486 | D:7      | Killed a kobold demonologist
  7554 | D:7      | Reached XP level 10. HP: 78/80 MP: 17/17
  7580 | D:7      | Noticed a purple ugly thing
  7581 | D:7      | Reached ***** piety under Makhleb
  7582 | D:7      | Reached skill level 5 in Short Blades
  7582 | D:7      | Reached skill level 5 in Long Blades
  7582 | D:7      | Reached skill level 5 in Maces & Flails
  7582 | D:7      | Reached skill level 5 in Polearms
  7582 | D:7      | Reached skill level 5 in Staves
  7582 | D:7      | Reached skill level 5 in Slings
  7582 | D:7      | Reached skill level 5 in Bows
  7582 | D:7      | Reached skill level 5 in Crossbows
  7582 | D:7      | Reached skill level 5 in Throwing
  7582 | D:7      | Reached skill level 5 in Dodging
  7582 | D:7      | Reached skill level 5 in Stealth
  7582 | D:7      | Reached skill level 5 in Unarmed Combat
  7582 | D:7      | Reached skill level 5 in Spellcasting
  7582 | D:7      | Reached skill level 5 in Evocations
  7600 | D:7      | Killed a purple ugly thing
  7729 | D:7      | Noticed a death knight
  8135 | D:7      | Found an iron altar of Okawaru.
  8272 | D:7      | Mangled by a death knight

Illustrated notes

Levels and vault maps discovered:
D:1:      erik_arrival_triangle_small, layout_basic,
          ebering_ecumenical_altar_box, serial_shops, nicolae_shop_trees,
          minmay_pentomino_r2
D:2:      layout_basic
D:3:      layout_basic, overflow_temple_1_default, elyvilon_altar_4,
          gammafunk_temple_overflow_wave, serial_shops, shop,
          minmay_fractal_squares_diagonal_5
D:4:      layout_cave_pods, minmay_misc_feat_secret_circle, grunt_ministairs_15,
          uniq_pikel
D:5:      layout_basic, serial_shops, nicolae_shop_statue_plus
D:6:      layout_gridville, xom_redecorated, minmay_temple_entry_butterflies,
          chequers_ossuary_entry_cave
D:7:      nzn_winding_woodlands_small [nzn_winding_woodlands_5x15_zeroes,
          nzn_winding_woodlands_center_triple_pond,
          nzn_winding_woodlands_5x15_crooked], layout_loops_ring,
          lemuel_doored_altar, vehumet_altar_wand_db, ebering_ghost_rock_garden,
          hangedman_abyss_or_decor_slice, uniq_menkaure

Skill      XL: |  1  2  3  4  5  6  7  8  9 10 |
---------------+-------------------------------+-----
Invocations    | 1 2 3 4 5 |  5.7
Short Blades   | 1 2 3 4 5 |  5.2
Long Blades    | 1 2 3 4 5 |  5.2
Maces & Flails | 1 2 3 4 5 |  5.2
Polearms       | 1 2 3 4 5 |  5.2
Staves         | 1 2 3 4 5 |  5.2
Slings         | 1 2 3 4 5 |  5.2
Bows           | 1 2 3 4 5 |  5.2
Crossbows      | 1 2 3 4 5 |  5.2
Throwing       | 1 2 3 4 5 |  5.2
Dodging        | 1 2 3 4 5 |  5.2
Stealth        | 1 2 3 4 5 |  5.2
Unarmed Combat | 1 2 3 4 5 |  5.2
Spellcasting   | 1 2 3 4 5 |  5.2
Evocations     | 1 2 3 4 5 |  5.2
Conjurations   | 1 2 3 4 |  4.3
Hexes          | 1 2 3 4 |  4.3
Summonings     | 1 2 3 4 |  4.3
Necromancy     | 1 2 3 4 |  4.3
Translocations | 1 2 3 4 |  4.3
Transmutations | 1 2 3 4 |  4.3
Fire Magic     | 1 2 3 4 |  4.3
Ice Magic      | 1 2 3 4 |  4.3
Air Magic      | 1 2 3 4 |  4.3
Earth Magic    | 1 2 3 4 |  4.3
Poison Magic   | 1 2 3 4 |  4.3
Axes           | 5 6 7 |  7.0
Fighting       | 7 8 |  8.4
Armour         | 7 8 |  8.4
Shields        | 7 8 |  8.4

Action                   |  1- 3 |  4- 6 |  7- 9 | 10-12 || total
-------------------------+-------+-------+-------+-------++-------
Melee: War axe           |    90 |   131 |   387 |   103 ||   711
       Bite              |     4 |    13 |    51 |    12 ||    80
Invok: Minor Destruction |       |     1 |       |       ||     1
       Major Destruction |       |       |     1 |     2 ||     3
       Lesser Servant of |       |       |       |     3 ||     3
  Use: Scroll            |     7 |     3 |     6 |       ||    16
       Potion            |       |       |     1 |     1 ||     2
 Stab: Sleeping          |       |       |     1 |       ||     1
       Distracted        |       |       |       |     1 ||     1
Armor: Scale mail        |    58 |    61 |   173 |       ||   292
       Plate armour      |       |       |    30 |    68 ||    98
Dodge: Dodged            |    44 |    50 |   177 |    45 ||   316
Block: Buckler           |    32 |    35 |   103 |    32 ||   202

Table legend: (Time is in decaauts)
 A = Elapsed time spent in this place.
 B = Non-inter-level travel time spent in this place.
 C = Inter-level travel time spent in this place.
 D = Time resting spent in this place.
 E = Time spent auto-exploring this place.
 F = Levels seen in this place.
 G = Mean time per level.
                   A        B        C        D        E       F      G
               +--------+--------+--------+--------+--------+-----+--------+
         Total |   8448 |   8257 |    191 |   1681 |   4209 |   8 | 1056.0 |
       Dungeon |   7965 |   7774 |    191 |   1497 |   4169 |   7 | 1137.9 |
       Ossuary |    483 |    483 |      0 |    184 |     40 |   1 |  483.0 |
               +--------+--------+--------+--------+--------+-----+--------+

Top non-repeatable levels by time:
     D:4: 1954 daAuts
     D:7: 1209 daAuts
     D:3: 1207 daAuts
     D:6: 1078 daAuts
     D:5: 921 daAuts
     D:1: 827 daAuts
     D:2: 765 daAuts
 Ossuary: 483 daAuts
